AoeStats
← CallMeDad

Migration

510205806Analyzed
1v1 RM · 2d ago on Sep 29, 2026· 65m 44s· 2 players
Game mode
Random Map
Map size
132×132
Population
200
Speed
Normal
Resources
Standard
Victory
Conquest
Starting age
Dark Age
Ending age
Imperial Age
RankedLock teamsTeams togetherTeam positionsShared explorationLock speedFull tech treeHidden civsTurbo modeCheats
Victory
Defeat
🇲🇽 Portuguese · Mexico
135
+25
🇺🇸 Vikings · United States
363
-25
imoamce
0:35 Loom
16:19 Feudal Age
18:41 Arson
18:37 Man-at-Arms
22:31 Town Watch
26:04 Fishing Lines
26:46 Horse Collar
28:51 Wheelbarrow
29:06 Scale Mail Armor
30:52 Padded Archer Armor
32:02 Gold Mining
35:36 Castle Age
36:46 Gambesons
36:22 Long Swordsman
40:24 Stone Mining
40:55 Double-Bit Axe
41:23 Town Patrol
42:57 Medium Warships
44:30 Stone Shaft Mining
48:04 Bow Saw
48:34 Hand Cart
49:15 Gillnets
50:13 Murder Holes
51:43 Ballistics
51:04 Treadmill Crane
51:22 Fletching
52:47 Heavy Plow
58:06 Imperial Age
55:53 Masonry
55:55 Clinker Construction
55:56 Careening
56:26 Siphons
56:32 Careening
59:05 Siege Engineers
60:02 Chemistry
60:36 Heavy Warships
62:10 Two-Man Saw
61:49 Crop Rotation
60:57 Elite Cannon Galleon
64:05 Elite Caravel
CallMeDad
8:52 Loom
11:00 Feudal Age
13:13 Double-Bit Axe
15:03 Man-at-Arms
20:39 Arson
26:04 Horse Collar
26:52 Forging
26:43 Scale Mail Armor
26:35 Fletching
29:53 Castle Age
33:05 Iron Casting
44:53 Medium Warships
45:01 Bow Saw
58:15 Gold Mining
61:24 Imperial Age
62:02 Elite Longship
64:17 Bodkin Arrow
Connection lost

Rejoining the realm…

Still unreachable

The connection could not be restored.

Session expired

The server has moved on; the page needs a fresh start.